 Dungeon Crawl Stone Soup version 0.31-a0-968-g24f9ace8b5 (webtiles) character file.

Game seed: 11908222376849294748

17724 Xavori the Nimble (level 12, -6/96 HPs)
             Began as a Djinni Chaos Knight on Oct 27, 2023.
             Was a Plaything of Xom.
             Shot with an arrow by a centaur warrior (22 damage)
             ... on level 11 of the Dungeon.
             The game lasted 00:27:33 (21506 turns).

Xavori the Nimble (Djinni Chaos Knight)            Turns: 21506, Time: 00:27:33

Health: -6/96      AC: 23    Str: 10 (11) XL:     12   Next: 86%
Gold:   1451       EV: 13    Int: 12 (14) God:    Xom [.*....] SH:  7 Dex: 27

rFire   + . .        a - +1 falchion (chaos)
rCold   + . .        s - +0 buckler
rNeg    . . .        P - +0 ice dragon scales
rPois   ∞            r - +0 helmet
rElec   .            n - +0 cloak
rCorr   .            O - +1 pair of gloves {Dex+3}
SInv    .            (boots unavailable)
Will    ++...        d - amulet of faith
Stlth   +            y - +6 ring of dexterity
HPRegen 0.36/turn    x - +4 ring of protection
MPRegen 0.00/turn

%: faith, infuse magic (-7 HP)
@: flying, slowed, very slow
A: sickness immunity, fire resistance 2, cold vulnerability 1, float, innate
caster, HP casting, extra vitality 1, claws 1, iridescent scales 1,
deterioration 1, strong-willed 1, sense surroundings 1, robust 1, noise
suppression
a: Renounce Religion


You were on level 11 of the Dungeon.
You worshipped Xom.
You were a plaything of Xom.
You visited 1 branch of the dungeon, and saw 12 of its levels.
You also visited: Ossuary and Ice Cave.

You collected 1964 gold pieces.
You spent 513 gold pieces at shops.

Inventory:

Hand Weapons
 a - a +1 falchion of chaos (weapon)
Missiles
 B - 2 throwing nets
Armour
 b - a +2 leather armour
 n - a +0 cloak (worn)
 r - a +0 helmet (worn)
 s - a +0 buckler (worn)
 O - a +1 pair of gloves of dexterity (worn)
 P - +0 ice dragon scales (worn)
Jewellery
 d - an amulet of faith (around neck)
 i - a ring of positive energy
 k - a ring of wizardry
 x - a +4 ring of protection (right hand)
 y - a +6 ring of dexterity (left hand)
 K - a +6 ring of intelligence
 L - a +5 ring of evasion
 M - a +4 ring of protection
 S - an amulet of the acrobat
 T - a ring of see invisible
Wands
 l - a wand of flame (3)
 p - a wand of quicksilver (7)
 D - a wand of mindburst (14)
Scrolls
 c - 4 scrolls of butterflies
 e - 5 scrolls of immolation
 m - 5 scrolls of teleportation
 t - 3 scrolls of blinking
 A - a scroll of fog
 C - 2 scrolls of identify
 E - a scroll of torment
 F - 4 scrolls of poison
 I - a scroll of revelation
 Q - a scroll of vulnerability
Potions
 f - 2 potions of brilliance
 g - 2 potions of degeneration
 h - 2 potions of haste
 j - a potion of attraction {unknown}
 o - 7 potions of mutation
 q - 2 potions of might
 u - 6 potions of curing
 v - 2 potions of ambrosia
 w - 2 potions of berserk rage
 z - 2 potions of cancellation
 G - a potion of heal wounds {unknown}
 H - 2 potions of enlightenment {unknown}
 J - a potion of invisibility {unknown}
 N - a potion of lignification


   Skills:
 + Level 8.6 Fighting
 + Level 7.8 Long Blades
 + Level 8.0 Armour
 + Level 9.0 Dodging
 + Level 6.3 Shields
 * Level 7.7 Spellcasting
 * Level 7.7 Conjurations
 * Level 7.7 Hexes
 * Level 7.7 Summonings
 * Level 7.7 Necromancy
 * Level 7.7 Translocations
 * Level 7.7 Transmutations
 * Level 7.7 Fire Magic
 * Level 7.7 Ice Magic
 * Level 7.7 Air Magic
 * Level 7.7 Earth Magic
 * Level 7.7 Poison Magic
 + Level 3.0 Evocations


You knew the following spells:

 Your Spells              Type           Power      Damage    Failure   Level
a - Shock                 Conj/Air       92%        1d8       6%          1
b - Wereblood             Tmut           23%        N/A       10%         2
c - Inner Flame           Hex/Fire       23%        N/A       19%         3
d - Petrify               Tmut/Erth      23%        N/A       54%         4
e - Agony                 Necr           23%        N/A       87%         5
Your spell library was empty.

Dungeon Overview and Level Annotations

Branches:
Dungeon (12/15)            Temple (0/1) D:4            Lair (0/5) D:11
Ossuary (visited)           IceCv (visited)
    Orc: D:9-12

Altars:
Ashenzari
Fedhas
Hepliaklqana
Nemelex Xobeh
Okawaru
Qazlal
Uskayaw
Xom

Shops:
D:1 !   D:3 [   D:4 !   D:8 *   D:11 (

Annotations:
D:7 2 transporters, lunkers's ghost, novice MeSh


Innate Abilities, Weirdness & Mutations

You are immune to sickness and miasma.
You are immune to poison.
Your flesh is very heat resistant. (rF++)
You are vulnerable to cold. (rC-)
You float through the air rather than walking.
You learn spells naturally, not from books.
Your magical power is your life essence.
You have superior vitality. (+4 MHP)
You have sharp fingernails.
You are partially covered in iridescent scales. (AC +2)
Your body sometimes deteriorates upon taking damage.
You are strong-willed. (Will+)
You passively map a small area around you.
You are robust. (+10% HP)
You passively dampen the noise of your surroundings.


Message History

Found a stone staircase leading up.
Your surroundings suddenly seem different.
A wraith, a cyclops and a shadow come into view.
Found a scroll of teleportation.
Found a stone staircase leading up.
Unknown command.
Unknown command.
Unknown command.
The cyclops shouts!
The cyclops throws a large rock.
The large rock hits you! You block the wraith's attack.
There is a stone staircase leading up here.
The wraith barely misses you. The cyclops hits you!!
You fly upwards.
The centaur warrior shouts!
The centaur warrior throws a stone.
The stone hits you.
There is a stone staircase leading down here.
The centaur warrior hits you with a +0 battleaxe!
You block the centaur warrior's attack. The wraith hits you but does no damage.
The centaur warrior hits you but does no damage.
You block the centaur warrior's attack. The cyclops barely misses you.
You reach down and open the door.
The wraith hits you. The wraith drains your vigour!
You feel yourself slow down. You block the centaur warrior's attack.
The centaur warrior completely misses you.
The centaur warrior attacks as it pursues you!
The centaur warrior hits you with a +0 battleaxe.
The centaur warrior kicks you but does no damage.
The centaur warrior barely misses you. You block the centaur warrior's attack.
The cyclops hits you!!
* * * LOW HITPOINT WARNING * * *
The wraith closely misses you. The centaur warrior closely misses you.
The centaur warrior kicks you.
* * * LOW HITPOINT WARNING * * *
The cyclops hits you but does no damage.
There is an open door here.
The centaur warrior unwields a +0 battleaxe.
The centaur warrior wields a +0 orcbow.
The centaur warrior shoots an arrow.
The arrow hits you!!
You die...
Xom cackles wildly!

...#.#.....#.#......## ##....###
.#.##.#.#.#)##.......####........
...#...#.#...#.......'...........
##.##.#...#.##.......###.....###.
..#####.#####...................
#..............>.....#'#.....##.
####.#....####WcC#..8#'#8..#.##.
, ###.#......###'##.###'###.#.##.
#...#..≈≈≈≈≈##@##.++'∩'''......
#..#####≈.#.##.###'###...... *
.##......#≈...##..8#+#8..#.###
.....≈...[.#≈....#...#+#...#.#
##.##.#≈...#≈.....#.......##.#
#,...≈#≈..#.....##..##......#
#####≈#....#..####.#.#######
##.≈...#.######.##
##.##..........#


You could see a centaur warrior, a cyclops and a wraith.

Vanquished Creatures
  A white draconian (IceCv)
  2 two-headed ogres (D:11)
  A boulder beetle (D:9)
  A manticore (D:11)
  A gargoyle (D:11)
  7 rime drakes
  A kobold demonologist (D:12)
  3 trolls
  2 polar bears (D:11)
  Prince Ribbit (D:6)
  A shadow (D:11)
  2 wyverns
  23 yaks
  Grum (D:10)
  A golden eye (D:6)
  2 steam dragons
  Menkaure (D:6)
  A vampire mosquito (D:11)
  An acid dragon (D:8)
  A water moccasin (D:8)
  2 sky beasts (D:6)
  2 ice beasts (D:11)
  An orc warrior (D:10)
  2 black bears
  2 ogres
  4 wolves
  4 centaurs
  A phantom (D:5)
  2 kobold brigands
  6 bullfrogs
  A gnoll sergeant (D:6)
  4 scorpions
  2 wyvern zombies (Ossuary)
  5 water moccasin zombies (Ossuary)
  7 wights
  5 lindwurm simulacra (IceCv)
  17 killer bees
  2 howler monkeys
  4 electric eels (D:6)
  The ghost of Dordric the Changeling, a weakling OpSh (D:3)
  4 komodo dragon simulacra (IceCv)
  6 bullfrog zombies (Ossuary)
  3 centaur zombies (Ossuary)
  4 hounds
  2 jellies
  2 quasits (D:7)
  2 gnoll boudas
  3 orc priests
  15 mummies (Ossuary)
  Jessica (D:2)
  3 iguanas
  2 sleepcaps
  8 orc wizards
  3 killer bee zombies (Ossuary)
  2 howler monkey zombies (Ossuary)
  Robin (D:3)
  5 acid dragon simulacra (IceCv)
  15 gnolls
  7 adders
  2 shadow imps (D:7)
  An ufetubus (D:7)
  6 steam dragon simulacra (IceCv)
  2 dart slugs
  26 orcs
  7 endoplasms
  A giant cockroach (D:1)
  15 goblins
  16 hobgoblins
  4 jackals (D:3)
  7 quokkas
  12 ball pythons
  2 bats
  3 frilled lizards
  14 kobolds
  5 rats
339 creatures vanquished.

Vanquished Creatures (collateral kills)
  Sigmund (D:2)
  An orc warrior (D:8)
  A wight (D:10)
  A killer bee (D:4)
  A bullfrog zombie (Ossuary)
  A steam dragon simulacrum (IceCv)
6 creatures vanquished.

Vanquished Creatures (others)
  A wraith (D:11)
  A warg (D:11)
  A killer bee (D:4)
  An orc wizard (D:11)
4 creatures vanquished.

Grand Total: 349 creatures vanquished

Notes
Turn   | Place    | Note
-------+----------+-------------------------------------------
     0 | D:1      | Xavori the Djinni Chaos Knight began the quest for the Orb.
     0 | D:1      | Reached XP level 1. HP: 20/20 MP: 0/0
    59 | D:1      | Found Ahok's Distillery.
    66 | D:1      | Reached XP level 2. HP: 25/25 MP: 0/0
    80 | D:1      | XOM: silly message
   210 | D:1      | Found a faded altar of an unknown god.
   211 | D:1      | XOM: potion effect (might)
   220 | D:1      | Reached XP level 3. HP: 15/30 MP: 0/0
   220 | D:1      | Learned a level 1 spell: Shock
   373 | D:1      | XOM: silly message
   443 | D:1      | XOM: silly message
   473 | D:1      | XOM: silly message
  1001 | D:1      | XOM: give mutations
  1001 | D:1      | Gained mutation: You are weak. (Str -2) [Xom's mischief]
  1001 | D:1      | Gained mutation: You are clumsy. (Dex -2) [Xom's mischief]
  1888 | D:1      | XOM: give mutations
  1888 | D:1      | Lost mutation: You are clumsy. (Dex -2) [Xom's mischief]
  1888 | D:1      | Lost mutation: You are weak. (Str -2) [Xom's mischief]
  2132 | D:1      | XOM: silly message
  2268 | D:1      | XOM: give mutations
  2268 | D:1      | Gained mutation: Your spells are a little easier to cast,
                  | but a little less powerful. [Xom's mischief]
  2268 | D:1      | Gained mutation: Your body sometimes deteriorates upon
                  | taking damage. [Xom's mischief]
  2268 | D:1      | Gained mutation: You occasionally shout uncontrollably at
                  | your foes. [Xom's mischief]
  2345 | D:1      | XOM: give mutations
  2345 | D:1      | Lost mutation: Your spells are a little easier to cast, but
                  | a little less powerful. [Xom's mischief]
  2345 | D:1      | Gained mutation: You are weak. (Str -2) [Xom's mischief]
  2345 | D:1      | Gained mutation: You occasionally lose the ability to drink
                  | potions when taking damage. [Xom's mischief]
  3112 | D:1      | XOM: summons 2 hostile demons
  3176 | D:2      | Noticed Jessica
  3179 | D:2      | XOM: fog
  3182 | D:2      | Killed Jessica
  3183 | D:2      | Reached skill level 1 in Spellcasting
  3183 | D:2      | Reached skill level 1 in Conjurations
  3183 | D:2      | Reached skill level 1 in Hexes
  3183 | D:2      | Reached skill level 1 in Summonings
  3183 | D:2      | Reached skill level 1 in Necromancy
  3183 | D:2      | Reached skill level 1 in Translocations
  3183 | D:2      | Reached skill level 1 in Transmutations
  3183 | D:2      | Reached skill level 1 in Fire Magic
  3183 | D:2      | Reached skill level 1 in Ice Magic
  3183 | D:2      | Reached skill level 1 in Air Magic
  3183 | D:2      | Reached skill level 1 in Earth Magic
  3183 | D:2      | Reached skill level 1 in Poison Magic
  3183 | D:2      | Reached XP level 4. HP: 20/35 MP: 0/0
  3487 | D:1      | XOM: give mutation
  3487 | D:1      | Lost mutation: You are weak. (Str -2) [Xom's mischief]
  3788 | D:1      | XOM is BORED!
  3788 | D:1      | XOM: summons 3 hostile demons
  3789 | D:1      | Noticed an orange demon
  3896 | D:1      | XOM: give mutations
  3896 | D:1      | Gained mutation: You are partially covered in iridescent
                  | scales. (AC +2) [Xom's mischief]
  3896 | D:1      | Gained mutation: You occasionally lose the ability to read
                  | scrolls when taking damage. [Xom's mischief]
  3896 | D:1      | Gained mutation: You are frail. (-10% HP) [Xom's mischief]
  4118 | D:1      | XOM: give mutations
  4118 | D:1      | Gained mutation: You are somewhat resistant to further
                  | mutation. [Xom's mischief]
  4118 | D:1      | Lost mutation: You are partially covered in iridescent
                  | scales. (AC +2) [Xom's mischief]
  4118 | D:1      | Gained mutation: Your skin changes colour to match your
                  | surroundings (Stealth+). [Xom's mischief]
  4437 | D:1      | XOM: give mutation
  4437 | D:1      | Lost mutation: You are somewhat resistant to further
                  | mutation. [Xom's mischief]
  5306 | D:1      | XOM: give mutations
  5306 | D:1      | Gained mutation: You are partially covered in iridescent
                  | scales. (AC +2) [Xom's grace]
  5306 | D:1      | Gained mutation: You have a pair of small horns on your
                  | head. [Xom's grace]
  5306 | D:1      | Lost mutation: You are frail. (-10% HP) [Xom's grace]
  5306 | D:1      | Gained mutation: You have a pair of horns on your head.
                  | [Xom's grace]
  5387 | D:1      | XOM: god gift: 27 gold pieces
  5486 | D:1      | XOM: stat loss: -1 Dex (12/14)
  5505 | D:1      | XOM: give mutation
  5505 | D:1      | Gained mutation: Your spells are a little harder to cast,
                  | but a little more powerful. [Xom's grace]
  6040 | D:1      | XOM: divination: detect items
  6380 | D:1      | XOM: summons 3 hostile shadow creatures
  6592 | D:1      | XOM: god gift: large iron ring {god gift}
  7303 | D:1      | XOM: give mutation
  7303 | D:1      | Gained mutation: You possess an exceptional clarity of
                  | mind. [Xom's grace]
  7342 | D:1      | XOM: give mutations
  7342 | D:1      | Lost mutation: You have a pair of horns on your head.
                  | [Xom's mischief]
  7342 | D:1      | Gained mutation: Your movements are slightly less
                  | encumbered by armour. (ER -2) [Xom's mischief]
  7342 | D:1      | Lost mutation: Your spells are a little harder to cast, but
                  | a little more powerful. [Xom's mischief]
  7358 | D:1      | XOM: silly message
  8352 | D:1      | XOM: give mutations
  8352 | D:1      | Gained mutation: You have sharp fingernails. [Xom's grace]
  8352 | D:1      | Gained mutation: You passively dampen the noise of your
                  | surroundings. [Xom's grace]
  8352 | D:1      | Gained mutation: Your mind is acute. (Int +4, Str/Dex -1)
                  | [Xom's grace]
  8573 | D:2      | You are sucked into a shaft and drop 1 floor!
  8578 | D:3      | Noticed Robin
  8617 | D:3      | Killed Robin
  8618 | D:3      | Reached XP level 5. HP: 25/40 MP: 0/0
  8618 | D:3      | Learned a level 2 spell: Wereblood
  8908 | D:3      | Reached skill level 3 in Dodging
  9131 | D:3      | Noticed Dordric's ghost (weakling OpSh)
  9141 | D:3      | Found a runed translucent door.
  9333 | D:3      | XOM: cloud trail
  9437 | D:3      | XOM: polymorph orc -> ball python
  9456 | D:3      | Found a broken altar of Ashenzari.
  9693 | D:3      | Found Baireol's Armour Shop.
  9790 | D:3      | Killed Dordric's ghost
  9791 | D:3      | Reached XP level 6. HP: 19/47 MP: 0/0
  9965 | D:2      | XOM: cloud trail
 10027 | D:2      | Noticed Sigmund
 10029 | D:2      | XOM: summons friendly hellwing
 10032 | D:2      | Killed Sigmund
 10033 | D:2      | XOM: divination: magic mapping
 10055 | D:2      | XOM: give mutation
 10055 | D:2      | Gained mutation: You are mostly covered in iridescent
                  | scales. (AC +4) [Xom's grace]
 10347 | D:4      | Found Piem's Distillery.
 10362 | D:4      | Reached XP level 7. HP: 18/52 MP: 0/0
 10362 | D:4      | Learned a level 3 spell: Inner Flame
 10364 | D:4      | XOM: enchant monster (good)
 10372 | D:4      | Reached skill level 4 in Dodging
 10455 | D:4      | Bought a potion of brilliance for 40 gold pieces
 10455 | D:4      | Bought a potion of degeneration for 10 gold pieces
 10455 | D:4      | Bought a potion of curing for 30 gold pieces
 10474 | D:4      | Found a sand-covered staircase.
 10486 | Ossuary  | Entered an ossuary
 10491 | Ossuary  | XOM: 1-stop teleportation journey
 10498 | Ossuary  | XOM: potion effect (berserk rage)
 10546 | Ossuary  | Reached XP level 8. HP: 31/58 MP: 0/0
 10584 | Ossuary  | XOM: smoke on damage
 10633 | Ossuary  | XOM: silly message
 10774 | Ossuary  | XOM: 1-stop teleportation journey
 10793 | Ossuary  | XOM: scenery: 1 doors open, 2 doors close
 10796 | Ossuary  | XOM: god gift: Inescapable Atlas
 10801 | Ossuary  | Reached skill level 5 in Fighting
 10883 | Ossuary  | XOM: cleaving
 10889 | Ossuary  | Reached skill level 5 in Dodging
 10891 | Ossuary  | XOM: summons 2 friendly demons
 10985 | Ossuary  | XOM: silly message
 11047 | Ossuary  | Reached XP level 9. HP: 64/65 MP: 0/0
 11047 | Ossuary  | Learned a level 4 spell: Petrify
 11115 | D:4      | XOM: divination: magic mapping
 11155 | D:4      | Reached skill level 5 in Long Blades
 11222 | D:4      | Found a staircase to the Ecumenical Temple.
 11373 | D:4      | XOM: silly message
 11656 | D:4      | XOM: enchant monster (good)
 11695 | D:5      | Entered Level 5 of the Dungeon
 11897 | D:5      | Found a shimmering altar of Xom.
 12309 | D:5      | XOM: silly message
 12316 | D:5      | Reached skill level 1 in Shields
 12488 | D:5      | Found a blossoming altar of Fedhas.
 12534 | D:5      | Reached skill level 5 in Armour
 12549 | D:5      | XOM: noise
 12760 | D:6      | Identified the +2 ring mail of the Stopping Gods {Str+3}
 12768 | D:6      | Noticed Prince Ribbit
 12782 | D:6      | Reached skill level 6 in Dodging
 12796 | D:6      | Killed Prince Ribbit
 12873 | D:6      | XOM: divination: detect items
 12934 | D:6      | Found a stormy altar of Qazlal.
 12935 | D:6      | XOM: potion effect (haste)
 12936 | D:6      | XOM: potion effect (heal wounds)
 12947 | D:6      | XOM: enchant monster (bad)
 12970 | D:6      | Reached XP level 10. HP: 53/72 MP: 0/0
 12975 | D:6      | Noticed Menkaure
 12987 | D:6      | Killed Menkaure
 13110 | D:6      | XOM: summons 6 hostile demons
 13276 | D:6      | XOM: summons 4 hostile demons
 13565 | D:6      | XOM: 1-stop teleportation journey
 13874 | D:6      | Reached skill level 5 in Spellcasting
 13874 | D:6      | Reached skill level 5 in Conjurations
 13874 | D:6      | Reached skill level 5 in Hexes
 13874 | D:6      | Reached skill level 5 in Summonings
 13874 | D:6      | Reached skill level 5 in Necromancy
 13874 | D:6      | Reached skill level 5 in Translocations
 13874 | D:6      | Reached skill level 5 in Transmutations
 13874 | D:6      | Reached skill level 5 in Fire Magic
 13874 | D:6      | Reached skill level 5 in Ice Magic
 13874 | D:6      | Reached skill level 5 in Air Magic
 13874 | D:6      | Reached skill level 5 in Earth Magic
 13874 | D:6      | Reached skill level 5 in Poison Magic
 14283 | D:6      | Found a hide-covered altar of Uskayaw.
 14293 | D:6      | XOM: polymorph centaur -> golden eye
 14301 | D:6      | Found an iron altar of Okawaru.
 14306 | D:6      | Found a sparkling altar of Nemelex Xobeh.
 14399 | D:7      | XOM: fake destruction
 14404 | D:7      | XOM: noise
 14443 | D:7      | XOM: noise
 14499 | D:7      | XOM: 2-stop teleportation journey
 14535 | D:7      | Found a transporter.
 14536 | D:7      | XOM: scenery: summon butterflies
 14552 | D:7      | XOM: potion effect (brilliance)
 14577 | D:7      | XOM: divination: magic mapping
 14628 | D:7      | Found a transporter.
 14628 | D:7      | Noticed lunkers's ghost (novice MeSh)
 14690 | D:6      | XOM: silly message
 15093 | D:8      | XOM: noise
 15128 | D:8      | XOM: god gift: 2 stones
 15150 | D:8      | XOM: potion effect (invisibility)
 15160 | D:8      | XOM: 3-stop teleportation journey
 15211 | D:8      | XOM: cast spell 'Dispersal'
 15220 | D:8      | XOM: confuse monster(s)
 15223 | D:8      | Reached skill level 7 in Dodging
 15384 | D:8      | Found Pettael's Assorted Antiques.
 15384 | D:8      | XOM: 2-stop teleportation journey
 15408 | D:8      | XOM: summons 6 friendly demons
 15585 | D:8      | XOM: summons friendly quasit
 15623 | D:8      | Bought an orange potion for 28 gold pieces
 15624 | D:8      | XOM: polymorph quasit -> crimson imp
 15835 | D:8      | XOM: cast spell 'Dispersal'
 15925 | D:8      | Reached XP level 11. HP: 79/79 MP: 0/0
 15925 | D:8      | Learned a level 5 spell: Agony
 16187 | D:9      | XOM: divination: magic mapping
 16195 | D:9      | XOM: god gift: +1 pair of gloves of dexterity
 16397 | D:9      | XOM: 2-stop teleportation journey
 16443 | D:9      | XOM: summons 3 hostile demons
 16556 | D:9      | XOM: summons 3 hostile demons
 16818 | D:9      | XOM: fake destruction
 16857 | D:9      | XOM: destruction
 17135 | D:9      | Noticed a boulder beetle
 17170 | D:9      | Killed a boulder beetle
 17323 | D:9      | XOM: noise
 17394 | D:9      | XOM: scenery: create altars
 17436 | D:9      | Identified a scroll of acquirement
 17436 | D:9      | Acquired 919 gold pieces
 17475 | D:10     | Entered Level 10 of the Dungeon
 17532 | D:10     | XOM: potion effect (curing)
 17604 | D:10     | XOM: noise
 17791 | D:10     | Noticed Grum
 17798 | D:10     | Killed Grum
 17799 | D:10     | Reached skill level 8 in Dodging
 17799 | D:10     | Reached skill level 5 in Shields
 17878 | D:10     | XOM: summons 1 hostile demon
 18101 | D:10     | Found a hazy altar of Hepliaklqana.
 18137 | D:10     | XOM: torment (42/81 hp)
 18177 | D:10     | XOM: 1-stop teleportation journey
 18315 | D:10     | XOM: swap monsters
 18587 | D:11     | Found a staircase to the Lair.
 18595 | D:11     | Reached XP level 12. HP: 82/86 MP: 0/0
 18660 | D:11     | XOM: swap monsters
 18664 | D:11     | Reached skill level 1 in Evocations
 18677 | D:11     | XOM: summons 4 hostile shadow creatures
 18678 | D:11     | Noticed a two-headed ogre
 18902 | D:11     | Noticed a two-headed ogre
 18902 | D:11     | Noticed a two-headed ogre
 18906 | D:11     | XOM: summons friendly shadow imp
 18910 | D:11     | Killed a two-headed ogre
 18916 | D:11     | Killed a two-headed ogre
 18922 | D:11     | XOM: summons 2 friendly demons
 18960 | D:11     | XOM: 10-stop teleportation journey
 18995 | D:11     | Found a frozen archway.
 18999 | D:11     | XOM: divination: detect creatures
 19063 | IceCv    | Entered an ice cave
 19212 | IceCv    | XOM: 1-stop teleportation journey
 19434 | IceCv    | Identified the +0 leather armour "Boor" {Harm Will+ Stlth+}
 19493 | IceCv    | XOM: summons 2 friendly demons
 19534 | IceCv    | XOM: swap monsters
 19643 | IceCv    | XOM: stat loss: -1 Int (16/18)
 19646 | IceCv    | XOM: 1-stop teleportation journey
 19662 | IceCv    | XOM: draining
 19672 | IceCv    | XOM: polymorph ice beast -> acid dragon
 19821 | IceCv    | XOM: silly message
 19838 | IceCv    | XOM: give mutation
 19838 | IceCv    | Lost mutation: Your mind is acute. (Int +4, Str/Dex -1)
                  | [Xom's mischief]
 19841 | IceCv    | Noticed a white draconian
 19855 | IceCv    | XOM: summons 2 friendly demons
 19861 | IceCv    | XOM: enchant monster (good)
 19862 | IceCv    | XOM: summons 5 friendly demons
 19877 | IceCv    | XOM: 3-stop teleportation journey
 19986 | IceCv    | XOM: give mutation
 19986 | IceCv    | Gained mutation: You are robust. (+10% HP) [Xom's grace]
 20284 | IceCv    | XOM: cast spell 'Metabolic Englaciation'
 20288 | IceCv    | XOM: cleaving
 20290 | IceCv    | XOM: polymorph ice beast -> glowing shapeshifter
 20290 | IceCv    | a glowing shapeshifter changed into a deep troll
 20290 | IceCv    | Noticed a deep troll (glowing shapeshifter)
 20314 | IceCv    | XOM: scenery: summon butterflies
 20315 | IceCv    | Noticed a skyshark
 20327 | IceCv    | a faun changed into a skyshark
 20327 | IceCv    | Noticed a skyshark (glowing shapeshifter)
 20328 | IceCv    | a skyshark changed into an eye of devastation
 20330 | IceCv    | an eye of devastation changed into a shock serpent
 20330 | IceCv    | Noticed a shock serpent (glowing shapeshifter)
 20332 | IceCv    | a shock serpent changed into a slime creature
 20347 | IceCv    | XOM: give mutations
 20347 | IceCv    | Lost mutation: You occasionally lose the ability to read
                  | scrolls when taking damage. [Xom's mischief]
 20347 | IceCv    | Lost mutation: You have a pair of small horns on your head.
                  | [Xom's mischief]
 20347 | IceCv    | Gained mutation: You passively map a small area around you.
                  | [Xom's mischief]
 20404 | IceCv    | XOM: enchant monster (good)
 20416 | IceCv    | Killed a white draconian
 20417 | IceCv    | Reached skill level 9 in Dodging
 20461 | IceCv    | XOM: give mutations
 20461 | IceCv    | Lost mutation: You occasionally lose the ability to drink
                  | potions when taking damage. [Xom's mischief]
 20461 | IceCv    | Lost mutation: You possess an exceptional clarity of mind.
                  | [Xom's mischief]
 20461 | IceCv    | Lost mutation: You occasionally shout uncontrollably at
                  | your foes. [Xom's mischief]
 20461 | IceCv    | Lost mutation: Your movements are slightly less encumbered
                  | by armour. (ER -2) [Xom's mischief]
 20675 | IceCv    | Identified the ring "Plog" {Fire Int+3}
 20735 | IceCv    | XOM: silly message
 20738 | IceCv    | XOM: summons 3 friendly demons
 20786 | D:11     | Found Guijoath's Antique Weapon Emporium.
 20789 | D:11     | Bought an iridescent executioner's axe for 405 gold pieces
 20789 | D:11     | Identified the +6 executioner's axe of the Snake Pit
                  | {protect, rElec MP+9} (You bought it in a shop on level 11
                  | of the Dungeon)
 20810 | D:11     | XOM: blink monster(s)
 20812 | D:11     | XOM: cast spell 'Disjunction'
 20833 | D:10     | XOM: enchant monster (bad)
 21105 | D:11     | XOM: give mutations
 21105 | D:11     | Lost mutation: You are mostly covered in iridescent scales.
                  | (AC +4) [Xom's mischief]
 21105 | D:11     | Lost mutation: Your skin changes colour to match your
                  | surroundings (Stealth+). [Xom's mischief]
 21105 | D:11     | Gained mutation: You are strong-willed. (Will+) [Xom's
                  | mischief]
 21173 | D:11     | Noticed a skeletal warrior
 21173 | D:11     | Noticed a skeletal warrior
 21174 | D:11     | Noticed a skeletal warrior
 21251 | D:10     | XOM: stat loss: -1 Str (10/11)
 21350 | D:11     | XOM: divine lightning
 21351 | D:11     | Noticed a sixfirhy
 21352 | D:11     | XOM: blink monster(s)
 21361 | D:11     | XOM: cleaving
 21363 | D:12     | XOM: chaos upgrade
 21462 | D:12     | XOM: 2-stop teleportation journey
 21498 | D:12     | XOM: 3-stop teleportation journey
 21502 | D:11     | Noticed a centaur warrior
 21506 | D:11     | Shot with an arrow by a centaur warrior

Illustrated notes

Levels and vault maps discovered:
D:1:      enne_arrival_octagon_isle, layout_basic, serial_shops, shop,
          hellmonk_ecumenical_altar_run_dry
D:2:      layout_rooms, chequers_serial_rivers_large_b, uniq_jessica,
          uniq_sigmund
D:3:      layout_basic, ashenzari_conservatory_becter, serial_shops, shop,
          hellmonk_ghost_happy_afterlife, kennysheep_generic_room_7, uniq_robin
D:4:      layout_loops_ring, minmay_temple_entry_statues_fountains,
          serial_shops, shop, mainiacjoe_ossuary_entry_dusty_tomb,
          minmay_liquid_box
D:5:      layout_loops_cross, fedhas_altar_4, lemuel_tele_altar
D:6:      layout_rooms, minmay_overflow_temple_star_quad, vehumet_crystals,
          serial_bayou, serial_bayou_pond_b, serial_bayou_lake_a,
          serial_bayou_pond_c, serial_bayou_ford_a, minmay_ruined_shrine,
          uniq_menkaure, uniq_prince_ribbit1
D:7:      layout_rooms, serial_demonic, serial_demonic_b, serial_demonic_c,
          serial_demonic_c, serial_demonic_e, serial_demonic_b,
          serial_demonic_e, serial_demonic_g, gammafunk_ghost_smash
D:8:      minmay_angry_zag, layout_cave_pools, serial_shops,
          nicolae_shop_pleasant_corner_grove, grunt_ministairs_4,
          minmay_crystal_room
D:9:      layout_loops_corners
D:10:     layout_rooms, nicolae_hepliaklqana_hazy_memory, uniq_grum
D:11:     minmay_the_grid_net [minmay_the_grid_armoury,
          minmay_the_grid_small_cups, minmay_the_grid_diamond_grid,
          minmay_the_grid_plusring, minmay_the_grid_garden,
          minmay_the_grid_prize_inner_circle], layout_loops_corners,
          hellmonk_lair_entry_icy, david_orc_4, serial_shops,
          nicolae_shop_real_fake_doors, portal_ice_cave_rime
D:12:     layout_basic

Skill      XL: |  1  2  3  4  5  6  7  8  9 10 11 12 |
---------------+-------------------------------------+-----
Long Blades    | 3 4 5 6 7 |  7.8
Spellcasting   | 1 2 3 4 5 6 7 |  7.7
Conjurations   | 1 2 3 4 5 6 7 |  7.7
Hexes          | 1 2 3 4 5 6 7 |  7.7
Summonings     | 1 2 3 4 5 6 7 |  7.7
Necromancy     | 1 2 3 4 5 6 7 |  7.7
Translocations | 1 2 3 4 5 6 7 |  7.7
Transmutations | 1 2 3 4 5 6 7 |  7.7
Fire Magic     | 1 2 3 4 5 6 7 |  7.7
Ice Magic      | 1 2 3 4 5 6 7 |  7.7
Air Magic      | 1 2 3 4 5 6 7 |  7.7
Earth Magic    | 1 2 3 4 5 6 7 |  7.7
Poison Magic   | 1 2 3 4 5 6 7 |  7.7
Armour         | 2 3 4 5 6 7 8 |  8.0
Dodging        | 3 4 5 6 7 8 9 |  9.0
Fighting       | 4 5 6 7 8 |  8.6
Shields        | 2 4 5 6 |  6.3
Evocations     | 3 |  3.0

Action                     |  1- 3 |  4- 6 |  7- 9 | 10-12 || total
---------------------------+-------+-------+-------+-------++-------
  Melee: Falchion          |    74 |   160 |   327 |   725 ||  1286
         Punch             |     2 |       |       |       ||     2
         Headbutt          |       |    15 |    76 |   186 ||   277
   Cast: Wereblood         |       |     2 |     3 |     1 ||     6
         Inner Flame       |       |       |     9 |    42 ||    51
         Petrify           |       |       |       |     2 ||     2
  Evoke: Wand              |       |     2 |       |    13 ||    15
    Use: Scroll            |       |     9 |     6 |     5 ||    20
         Potion            |       |     1 |       |     4 ||     5
   Stab: Sleeping          |       |     5 |    11 |     4 ||    20
         Distracted        |       |     1 |     2 |     2 ||     5
         Confused          |       |       |     1 |     6 ||     7
         Petrifying        |       |       |       |    11 ||    11
         Invisible         |       |       |       |     3 ||     3
         Petrified         |       |       |       |     1 ||     1
         Paralysed         |       |       |       |     3 ||     3
 Armour: Leather armour    |    53 |   120 |   156 |   420 ||   749
         Skin              |       |    10 |     9 |       ||    19
         Ice dragon scales |       |       |       |   152 ||   152
  Dodge: Dodged            |    60 |   104 |   195 |   814 ||  1173
  Block: Buckler           |       |    16 |    62 |   321 ||   399

Table legend: (Time is in decaauts)
 A = Elapsed time spent in this place.
 B = Non-inter-level travel time spent in this place.
 C = Inter-level travel time spent in this place.
 D = Time resting spent in this place.
 E = Time spent auto-exploring this place.
 F = Levels seen in this place.
 G = Mean time per level.
                   A        B        C        D        E       F      G
               +--------+--------+--------+--------+--------+-----+--------+
         Total |  21599 |  21332 |    267 |  10856 |   7135 |  14 | 1542.8 |
       Dungeon |  19289 |  19022 |    267 |   9932 |   6469 |  12 | 1607.4 |
       Ossuary |    637 |    637 |      0 |     23 |    284 |   1 |  637.0 |
      Ice Cave |   1671 |   1671 |      0 |    901 |    381 |   1 | 1671.0 |
               +--------+--------+--------+--------+--------+-----+--------+

Top non-repeatable levels by time:
     D:1: 8165 daAuts
     D:6: 1946 daAuts
   IceCv: 1671 daAuts
    D:10: 1463 daAuts
     D:3: 1405 daAuts
     D:9: 1318 daAuts
     D:8: 951 daAuts
     D:4: 877 daAuts
     D:5: 811 daAuts
     D:2: 771 daAuts
    D:11: 750 daAuts
     D:7: 689 daAuts
 Ossuary: 637 daAuts
    D:12: 138 daAuts
